 Dungeon Crawl Stone Soup version 0.29-a0-648-g6b26cc9 (webtiles) character file.

Game seed: 11235468688881488689

3 Dawnplanks the Bolt Thrower (level 1, -2/17 HPs)
             Began as a Demigod Hunter on June 20, 2022.
             Slain by a kobold
             ... wielding a +0 short sword
              (3 damage)
             ... on level 1 of the Dungeon.
             The game lasted 00:00:18 (68 turns).

Dawnplanks the Bolt Thrower (Demigod Hunter)          Turns: 68, Time: 00:00:19

Health: -2/17      AC:  3    Str: 12    XL:     1   Next: 33%
Magic:  3/3        EV: 12    Int: 11    God:
Gold:   20         SH:  0    Dex: 17    Spells: 0/0 levels left

rFire   . . .      SeeInvis .   a - +1 hand crossbow
rCold   . . .      Faith    .   (no shield)
rNeg    . . .      Spirit   .   b - +0 leather armour
rPois   .          Reflect  .   (no helmet)
rElec   .          Harm     .   (no cloak)
rCorr   .          Rampage  .   (no gloves)
Will    .....                   (no boots)
Stlth   ++........              (no amulet)
HPRegen 0.05/turn               (no ring)
MPRegen 0.08/turn               (no ring)

@: no status effects
A: high MP 1, forlorn, divine attributes
a: no special abilities


You were on level 1 of the Dungeon.
You visited 1 branch of the dungeon, and saw 1 of its levels.

You collected 20 gold pieces.

Inventory:

Hand Weapons
 a - a +1 hand crossbow (weapon)
Armour
 b - a +0 leather armour (worn)
Scrolls
 c - a scroll of immolation
 d - a scroll of magic mapping {unknown}


   Skills:
 + Level 1.7 Fighting
 * Level 3.8 Crossbows
 + Level 1.7 Dodging
 - Level 0.8 Stealth


You couldn't memorise any spells.
You didn't know any spells.
Your spell library was empty.

Dungeon Overview and Level Annotations

Branches:
Dungeon (1/15)


Innate Abilities, Weirdness & Mutations

You have an increased reservoir of magic. (+10% MP)
You shall have no god before yourself.
Your divine heritage dramatically boosts your attributes as you level up.


Message History

You shoot a bolt.
The bolt hits the kobold but does no damage.
You shoot a bolt. The bolt misses the frilled lizard.
The frilled lizard bites you but does no damage.
The frilled lizard barely misses you.
The kobold hits you with a +0 short sword.
You shoot a bolt. The bolt hits the frilled lizard.
The frilled lizard is heavily wounded.
The frilled lizard bites you but does no damage.
The kobold closely misses you.
You shoot a bolt. The bolt hits the frilled lizard.
You kill the frilled lizard!
The kobold hits you with a +0 short sword.
You shoot a bolt. The bolt barely misses the kobold.
The kobold barely misses you.
The kobold hits you with a +0 short sword.
You are too injured to fight recklessly!
You are too injured to fight recklessly!
You are too injured to fight recklessly!
You are too injured to fight recklessly!
You are too injured to fight recklessly!
Shoot: a) +1 hand crossbow
Press: ? - help, Q - select action Shift-Dir - straight line, f/p - kobold
Aim: a kobold, wielding a +0 short sword and quivering stones (56% to hit)
You shoot a bolt. The bolt misses the kobold.
The kobold hits you with a +0 short sword.
Shoot: a) +1 hand crossbow
Press: ? - help, Q - select action Shift-Dir - straight line, f/p - kobold
Aim: a kobold, wielding a +0 short sword and quivering stones (56% to hit)
You shoot a bolt. The bolt closely misses the kobold.
The kobold hits you with a +0 short sword.
* * * LOW HITPOINT WARNING * * *
Shoot: a) +1 hand crossbow
Press: ? - help, Q - select action Shift-Dir - straight line, f/p - kobold
Aim: a kobold, wielding a +0 short sword and quivering stones (56% to hit)
You shoot a bolt.
The bolt hits the kobold but does no damage.
The kobold completely misses you.
The kobold hits you with a +0 short sword.
You die...

#......# ..
#..#..#.#.#.#.#
#>....#.......#
#..##.###†#.#.#
###..##.........#
.....##.###.....# .
.....##.........# .≈.
....###.#......†###.....
...............K@.......
#.)####.#..###.####....#
.....................#..
##.####.#.#..#.#####.#
..........#..#####
.#....###.####<..#
.#......#.##.....##
.#..#####.##......#
.......##.#.......#


You could see a kobold.

Vanquished Creatures
  An endoplasm (D:1)
  A ball python (D:1)
  A frilled lizard (D:1)
  A kobold (D:1)
4 creatures vanquished.

Notes
Turn   | Place    | Note
-------+----------+-------------------------------------------
     0 | D:1      | Dawnplanks the Demigod Hunter began the quest for the Orb.
     0 | D:1      | Reached XP level 1. HP: 17/17 MP: 3/3
    68 | D:1      | Slain by a kobold

Illustrated notes

Levels and vault maps discovered:
D:1:      amcnicky_arrival_wind_blow, layout_basic,
          chequers_ecumenical_altar_island, chequers_serial_rivers_small_a,
          chequers_serial_rivers_large_b, serial_bayou_ford_a,
          skrybe_limestone_x, serial_bayou_pond_d, nicolae_shop_unique_rings,
          minmay_distorted

Action                   || total
-------------------------++-------
 Fire: Hand crossbow     ||    17
Armor: Leather armour    ||     4
Dodge: Dodged            ||     4

Table legend: (Time is in decaauts)
 A = Elapsed time spent in this place.
 B = Non-inter-level travel time spent in this place.
 C = Inter-level travel time spent in this place.
 D = Time resting spent in this place.
 E = Time spent auto-exploring this place.
 F = Levels seen in this place.
 G = Mean time per level.
                   A        B        C        D        E       F      G
               +--------+--------+--------+--------+--------+-----+--------+
         Total |     73 |     73 |      0 |      0 |     44 |   1 |   73.0 |
       Dungeon |     73 |     73 |      0 |      0 |     44 |   1 |   73.0 |
               +--------+--------+--------+--------+--------+-----+--------+

Top non-repeatable levels by time:
     D:1: 73 daAuts
